[Event "Early Titled Tuesday Blitz | February 8 2022"]
[White "Maurizzi, Marc`Andria"]
[Black "Mosutha, Thuso"]
[WhiteFideId "36083534"]
[BlackFideId "11302550"]
[WhiteElo "2186"]
[BlackElo "2028"]
[Result "1-0"]
[Round "01"]
[TimeControl "180+1"]
[Date "2022.02.08"]
[WhiteClock "0:00:15"]
[BlackClock "0:00:01"]

1. e4 c5 2. Nf3 d6 3. d4 cxd4 4. Nxd4 Nf6 5. Nc3 a6 6. Bg5 e6 7. f4 Be7 8. Qd3 O-O 9. O-O-O Nc6 10. Nxc6 bxc6 11. Qh3 h6 12. Bxf6 Bxf6 13. e5 Be7 14. exd6 Bxd6 15. Qe3 Qc7 16. g3 Bb7 17. Bg2 Rfd8 18. Rd3 Be7 19. Rhd1 Rxd3 20. Rxd3 Rd8 21. Rxd8+ Qxd8 22. Qa7 Qd7 23. Qb6 Bf6 24. Ne4 Bd4 25. Qb3 f5 26. Nd2 Bg1 27. h4 Kh7 28. a3 a5 29. h5 Ba6 30. Nf3 Be2 31. Kb1 Qd1+ 32. Ka2 c5 33. Nxg1 Qxg1 34. Bc6 Qf1 35. Qc3 Bc4+ 36. b3 Be2 37. a4 Qg1 38. Be8 Bg4 39. Bg6+ Kg8 40. Qxa5 Kf8 41. Qd8# 1-0


[Site "https://www.chess.com"]

[Event "Early Titled Tuesday Blitz | February 8 2022"]
[White "Mejia, Cherry Ann"]
[Black "Harshavardhan G B"]
[WhiteFideId "5206880"]
[BlackFideId "25059009"]
[WhiteElo "2007"]
[BlackElo "1831"]
[Result "0-1"]
[Round "01"]
[TimeControl "180+1"]
[Date "2022.02.08"]
[WhiteClock "0:00:13"]
[BlackClock "0:01:08"]

1. e4 c6 2. d4 d5 3. Nd2 dxe4 4. Nxe4 Bf5 5. Ng3 Bg6 6. Nf3 Nd7 7. h4 h6 8. h5 Bh7 9. Bd3 Bxd3 10. Qxd3 e6 11. Bd2 Ngf6 12. O-O-O Be7 13. Ne4 Nxe4 14. Qxe4 Nf6 15. Qe2 Qd5 16. c4 Qe4 17. Qxe4 Nxe4 18. Be3 Nd6 19. Ne5 O-O 20. b3 a5 21. g4 a4 22. Kb2 Rfd8 23. f3 Bf6 24. f4 Ne4 25. Rhg1 Bh4 26. Rg2 c5 27. d5 axb3 28. axb3 b6 29. Nc6 Rd7 30. g5 hxg5 31. fxg5 Ra2+ 32. Kxa2 Nc3+ 33. Ka1 Nxd1 34. Bd2 exd5 0-1


[Site "https://www.chess.com"]

[Event "Early Titled Tuesday Blitz | February 8 2022"]
[White "Mhango, Banele"]
[Black "Politov, Pavel Y."]
[WhiteFideId "14327040"]
[BlackFideId "24110515"]
[WhiteElo "2553"]
[BlackElo "2090"]
[Result "1-0"]
[Round "01"]
[TimeControl "180+1"]
[Date "2022.02.08"]
[WhiteClock "0:01:35"]
[BlackClock "0:00:05"]

1. Nf3 d5 2. g3 Nf6 3. Bg2 Bf5 4. O-O c6 5. d4 h6 6. c4 e6 7. Nfd2 Bd6 8. Nc3 O-O 9. e4 dxe4 10. Ndxe4 Nxe4 11. Nxe4 Bc7 12. Nc5 Qc8 13. Qb3 b6 14. Nd3 Bd6 15. Be3 Nd7 16. Rac1 Rb8 17. Rfd1 Nf6 18. Qa4 Qc7 19. Qxc6 Qxc6 20. Bxc6 Rfc8 21. Bf3 Be4 22. Kg2 Bxf3+ 23. Kxf3 Rc7 24. b4 Rbc8 25. c5 bxc5 26. dxc5 Be7 27. Bf4 Rb7 28. a3 Nd5 29. Bd2 Bf6 30. Rc2 a5 31. Rb1 axb4 32. axb4 Rb5 33. Nf4 Nxf4 34. Bxf4 e5 35. Bd2 Be7 36. Ra1 Rcb8 37. Ra7 Bf6 38. c6 Rc8 39. c7 Kf8 40. Be3 Ke7 41. Bc5+ Kd7 42. Rd2+ Ke8 43. Ke4 g6 44. Kd5 Be7 45. Kc6 Bxc5 46. bxc5 Rb3 47. Rb7 Ra3 48. Rb8 Ra6+ 49. Kb7 Rxb8+ 1-0


[Site "https://www.chess.com"]

[Event "Early Titled Tuesday Blitz | February 8 2022"]
[White "Minina, Veronika"]
[Black "Kouskoutis, Georgios-Alexandros"]
[WhiteFideId "4174780"]
[BlackFideId "4234049"]
[WhiteElo "1850"]
[BlackElo "2130"]
[Result "0-1"]
[Round "01"]
[TimeControl "180+1"]
[Date "2022.02.08"]
[WhiteClock "0:00:02"]
[BlackClock "0:00:06"]

1. Nf3 d5 2. g3 Nf6 3. Bg2 Bf5 4. c4 c6 5. cxd5 cxd5 6. Qb3 Qb6 7. Qxb6 axb6 8. Nc3 Nc6 9. O-O e6 10. d3 Bc5 11. Bf4 O-O 12. a3 d4 13. Nb5 Nd5 14. Bd6 Rfd8 15. Bc7 Nxc7 16. Nxc7 Rac8 17. Nb5 e5 18. b4 Be7 19. Rfc1 f6 20. Nd2 Bg4 21. Kf1 Kf7 22. Nc4 Ra8 23. Nxb6 Ra6 24. Nc4 Rd7 25. h3 Be6 26. Kg1 h5 27. h4 g6 28. Bf3 Ke8 29. Bg2 Kd8 30. Rab1 Bd5 31. Bxd5 Rxd5 32. Kg2 Rxb5 0-1


[Site "https://www.chess.com"]

[Event "Early Titled Tuesday Blitz | February 8 2022"]
[White "Mirzanurov, Bulat"]
[Black "Quintiliano Pinto, Renato R."]
[WhiteFideId "4184521"]
[BlackFideId "2117568"]
[WhiteElo "2116"]
[BlackElo "2439"]
[Result "0-1"]
[Round "01"]
[TimeControl "180+1"]
[Date "2022.02.08"]
[WhiteClock "0:01:00"]
[BlackClock "0:02:24"]

1. e4 c5 2. Nf3 d6 3. d4 cxd4 4. Nxd4 Nf6 5. Nc3 g6 6. Be3 Bg7 7. f3 O-O 8. Qd2 Nc6 9. O-O-O d5 10. exd5 Nxd5 11. Nxc6 bxc6 12. Bd4 Nxc3 13. Qxc3 Bh6+ 14. Kb1 e5 15. Bc4 exd4 16. Rxd4 Qc7 17. Rh4 Bg7 18. Qa3 Rb8 19. c3 Bf5+ 20. Ka1 Rfe8 21. g4 Be6 22. Bxe6 Rxe6 23. Qa4 Re2 24. Rb1 Rbxb2 25. Rxb2 Re1+ 26. Rb1 Bxc3# 0-1


[Site "https://www.chess.com"]

[Event "Early Titled Tuesday Blitz | February 8 2022"]
[White "Mohammed, Dilshad"]
[Black "Annaberdiyev, Babageldi"]
[WhiteFideId "5050421"]
[BlackFideId "14000385"]
[WhiteElo "2153"]
[BlackElo "2332"]
[Result "0-1"]
[Round "01"]
[TimeControl "180+1"]
[Date "2022.02.08"]
[WhiteClock "0:00:04"]
[BlackClock "0:00:14"]

1. Nf3 c5 2. c4 Nc6 3. Nc3 g6 4. g3 Bg7 5. Bg2 d6 6. O-O e5 7. d3 Nge7 8. a3 a5 9. Rb1 O-O 10. e3 h6 11. d4 cxd4 12. exd4 exd4 13. Nb5 Bf5 14. Ra1 d3 15. Nh4 a4 16. Nxf5 Nxf5 17. Qxd3 Ne5 18. Qc2 Rc8 19. Bd5 Nxc4 20. Qxa4 Nb6 21. Qb3 Nxd5 22. Qxd5 Qb6 23. a4 Rc5 24. Qd3 Ra8 25. Bf4 Bxb2 26. Ra2 Be5 27. Bxe5 dxe5 28. Rb1 Qc6 29. Qd2 h5 30. Rd1 Kg7 31. h4 b6 32. Qb2 Qe4 33. Nc3 Rxc3 34. Qxc3 Nxh4 35. gxh4 Qg4+ 36. Kh2 Qxd1 37. Qxe5+ Kg8 38. Qe4 Rc8 39. Re2 Rc1 40. Qe8+ Kg7 41. Qe5+ Kh7 42. Kg3 Qg1+ 43. Kf3 Qg4+ 44. Ke3 Rc6 45. Kd2 Re6 46. Qb5 Rd6+ 47. Kc2 Qxh4 48. Qb3 Qf4 49. Qc3 Qf5+ 50. Kb2 Rd3 51. Qc7 Qd5 52. Re1 Qb3+ 53. Kc1 Rc3+ 0-1


[Site "https://www.chess.com"]

[Event "Early Titled Tuesday Blitz | February 8 2022"]
[White "Molina, Roberto Junio Brito"]
[Black "Karabalis, Harilos"]
[WhiteFideId "2109450"]
[BlackFideId "4621808"]
[WhiteElo "2402"]
[BlackElo "2168"]
[Result "1-0"]
[Round "01"]
[TimeControl "180+1"]
[Date "2022.02.08"]
[WhiteClock "0:00:21"]
[BlackClock "0:00:17"]

1. d4 Nf6 2. Nf3 d5 3. e3 c5 4. c3 Nc6 5. Nbd2 e6 6. Bd3 Bd6 7. O-O O-O 8. dxc5 Bxc5 9. e4 e5 10. b4 Bd6 11. Bb2 dxe4 12. Nxe4 Nxe4 13. Bxe4 f5 14. Bd5+ Kh8 15. a3 Qe7 16. c4 e4 17. Nd4 Nxd4 18. Qxd4 a5 19. c5 Bc7 20. Rad1 Rf6 21. g3 axb4 22. axb4 Rb8 23. b5 Be6 24. b6 Bd8 25. Bxe6 Rxe6 26. Qd7 Kg8 27. Rd5 Qxd7 28. Rxd7 Be7 29. Rc1 Kf8 30. Rc7 g6 31. Rd1 Ke8 32. Rdd7 Bxc5 33. Rxh7 Bf8 34. Bd4 Rd8 35. Be3 Re7 36. Rhxe7+ Bxe7 37. Rxb7 Rd1+ 38. Kg2 Rb1 39. h4 Bd8 40. Rg7 Bxb6 41. Rb7 Bxe3 42. Rxb1 Bd4 43. Rb7 Kf8 44. Kf1 Bc5 45. Ke2 Bd4 46. Rd7 Bc5 47. Rc7 Bd4 48. Rc6 Kf7 49. f3 exf3+ 50. Kxf3 Be5 51. Ra6 Bb8 52. Rb6 Be5 53. Rb7+ Kf6 54. Ra7 Bd6 55. Ra6 Ke7 56. g4 fxg4+ 57. Kxg4 Kd7 58. Kg5 Be7+ 59. Kg4 Bd6 60. Rb6 Ke7 61. Rc6 Kd7 62. Ra6 Ke7 63. Kg5 Kd7 64. Kxg6 Bg3 65. h5 1-0


[Site "https://www.chess.com"]

[Event "Early Titled Tuesday Blitz | February 8 2022"]
[White "Moroni, Luca Jr"]
[Black "Jeet, Jain"]
[WhiteFideId "865834"]
[BlackFideId "5073022"]
[WhiteElo "2573"]
[BlackElo "2085"]
[Result "1-0"]
[Round "01"]
[TimeControl "180+1"]
[Date "2022.02.08"]
[WhiteClock "0:00:21"]
[BlackClock "0:00:13"]

1. d4 d5 2. Bf4 Nf6 3. e3 e6 4. Nf3 c5 5. Nbd2 Nc6 6. c3 Bd6 7. Bg3 O-O 8. Bb5 Ne7 9. Bd3 c4 10. Bc2 b5 11. Ng5 Nf5 12. e4 dxe4 13. Ndxe4 Nxe4 14. Nxe4 Bb7 15. Nxd6 Nxd6 16. Qg4 Nf5 17. O-O Nxg3 18. Qxg3 b4 19. f4 a5 20. f5 exf5 21. Rxf5 g6 22. Re5 a4 23. a3 bxc3 24. bxc3 Qb6 25. Rb1 Qc7 26. Rc5 Qxg3 27. hxg3 Ba6 28. Bxa4 Rab8 29. Rb4 Rbc8 30. Bd7 Rcd8 31. Bc6 Rd6 32. a4 f5 33. a5 f4 34. Rb6 fxg3 35. Rxa6 Kg7 36. Ra7+ Kh6 37. Re7 Rdf6 38. Re1 Rf2 39. d5 Ra2 40. d6 Rd8 41. d7 Rd2 42. a6 Rd3 43. a7 Rxc3 44. a8=Q 1-0


[Site "https://www.chess.com"]

[Event "Early Titled Tuesday Blitz | February 8 2022"]
[White "Moskvin, Anatoly"]
[Black "Nazari, Arad"]
[WhiteFideId "24199990"]
[BlackFideId "12577324"]
[WhiteElo "2079"]
[BlackElo "2120"]
[Result "1-0"]
[Round "01"]
[TimeControl "180+1"]
[Date "2022.02.08"]
[WhiteClock "0:00:19"]
[BlackClock "0:00:56"]

1. e4 c5 2. Nf3 d6 3. d4 cxd4 4. Nxd4 Nf6 5. f3 a6 6. c4 e5 7. Nc2 Be6 8. Be2 Nc6 9. O-O Be7 10. Nc3 O-O 11. Be3 a5 12. Nd5 a4 13. a3 Nd7 14. Ncb4 Nc5 15. Bxc5 dxc5 16. Nxc6 bxc6 17. Nxe7+ Qxe7 18. Rc1 Qg5 19. Qe1 Rfd8 20. Rc2 Rd4 21. Qf2 h6 22. Rfc1 Rad8 23. g3 f5 24. Kh1 fxe4 25. fxe4 Rf8 26. Qg2 Qe3 27. Rc3 Qf2 28. R3c2 Qe3 29. Rc3 Qxe4 30. Qxe4 Rxe4 31. Bf3 Rd4 32. Bxc6 Rf2 33. R3c2 Rxc2 34. Rxc2 Bxc4 35. Rxc4 Rd2 36. Rxc5 Rxb2 37. Bxa4 Kf7 38. Rc3 Ke6 39. Bc6 Ra2 40. a4 Kf5 41. Rf3+ Ke6 42. Kg1 Kd6 43. Bb5 Kc5 44. Rf2 Ra1+ 45. Kg2 e4 46. Re2 Kd4 47. Bc6 e3 48. Bb5 g5 49. Kf3 Rf1+ 50. Kg4 Rf6 51. Kh5 Ke4 52. Rc2 Rb6 53. Rc6 Rb8 54. Rxh6 Kf3 55. Rf6+ Kg2 56. Kxg5 Kxh2 57. g4 Kg3 58. Kf5 Rg8 59. g5 Kh4 60. g6 Kg3 61. Re6 Kf2 62. Kf6 Rf8+ 63. Ke7 Rb8 64. g7 Rb7+ 65. Kf8 Rb8+ 66. Re8 Rxe8+ 67. Kxe8 1-0


[Site "https://www.chess.com"]

[Event "Early Titled Tuesday Blitz | February 8 2022"]
[White "Namitbir Singh Walia"]
[Black "Liyanage, Ranindu Dilshan"]
[WhiteFideId "35071068"]
[BlackFideId "9915834"]
[WhiteElo "1479"]
[BlackElo "1858"]
[Result "0-1"]
[Round "01"]
[TimeControl "180+1"]
[Date "2022.02.08"]
[WhiteClock "0:00:09"]
[BlackClock "0:00:12"]

1. d4 Nf6 2. c4 e6 3. g3 d5 4. Nf3 Be7 5. Bg2 O-O 6. O-O dxc4 7. Ne5 c5 8. dxc5 Qc7 9. Nxc4 Qxc5 10. Qb3 Nc6 11. Be3 Qh5 12. Nc3 e5 13. Nd5 Ng4 14. Nxe7+ Nxe7 15. h3 Nxe3 16. Qxe3 Bxh3 17. Qxe5 Qxe5 18. Nxe5 Bxg2 19. Kxg2 f6 20. Nf3 Rac8 21. Rac1 Rfd8 22. Rfd1 Nc6 23. e3 Kf7 24. a3 Ke7 25. Nd4 Nxd4 26. Rxc8 Rxc8 27. Rxd4 Rc2 28. Rb4 b6 29. a4 Kd7 30. a5 bxa5 31. Rb7+ Rc7 32. Rb5 Kc6 33. Rxa5 Kb6 34. Ra3 a5 35. Rb3+ Ka6 36. Kf3 Rb7 37. Rxb7 Kxb7 38. Ke4 Kc6 39. Kd4 g5 40. g4 Kd6 41. b3 h6 42. f4 gxf4 43. exf4 f5 44. gxf5 h5 45. Ke4 Ke7 46. Kf3 Kf6 47. Kg3 Kxf5 48. Kh4 Kxf4 49. Kxh5 Ke3 50. Kg4 Kd3 51. Kf3 Kc3 52. Ke2 Kxb3 53. Kd1 Kb2 0-1


[Site "https://www.chess.com"]

[Event "Early Titled Tuesday Blitz | February 8 2022"]
[White "Nepomniachtchi, Ian"]
[Black "Loay, Sameer"]
[WhiteFideId "4168119"]
[BlackFideId "8104239"]
[WhiteElo "2740"]
[BlackElo "2040"]
[Result "1-0"]
[Round "01"]
[TimeControl "180+1"]
[Date "2022.02.08"]
[WhiteClock "0:02:39"]
[BlackClock "0:00:15"]

1. e4 d6 2. d4 g6 3. Nc3 Bg7 4. Be3 a6 5. h4 h5 6. Nf3 b5 7. Qd2 Bb7 8. Bd3 Nf6 9. Ng5 Ng4 10. O-O-O Nxe3 11. fxe3 Nd7 12. Rhf1 O-O 13. Qe2 c5 14. e5 dxe5 15. Rxf7 Rxf7 16. Bxg6 Rf6 17. Qxh5 Rxg6 18. Qh7+ Kf8 19. Qxg6 Qe8 20. Ne6+ 1-0


[Site "https://www.chess.com"]

[Event "Early Titled Tuesday Blitz | February 8 2022"]
[White "Nesterov, Arseniy"]
[Black "Urbina Perez, Juan Antonio"]
[WhiteFideId "24198455"]
[BlackFideId "2217368"]
[WhiteElo "2489"]
[BlackElo "2192"]
[Result "1-0"]
[Round "01"]
[TimeControl "180+1"]
[Date "2022.02.08"]
[WhiteClock "0:00:13"]
[BlackClock "0:00:10"]

1. d4 d5 2. c4 c6 3. Nc3 Nf6 4. e3 a6 5. Qc2 g6 6. Bd3 Bg7 7. Nf3 O-O 8. O-O dxc4 9. Bxc4 b5 10. Bb3 Nbd7 11. e4 Bb7 12. e5 Nd5 13. Ne4 Rc8 14. Bg5 h6 15. Bh4 g5 16. Bxg5 hxg5 17. Nfxg5 f5 18. Ng3 e6 19. Nxe6 Qe8 20. Nxg7 Kxg7 21. Nxf5+ Rxf5 22. Qxf5 Qe7 23. Rae1 Rf8 24. Qg4+ Kf7 25. e6+ Kf6 26. exd7 Qd6 27. Re8 1-0


[Site "https://www.chess.com"]

[Event "Early Titled Tuesday Blitz | February 8 2022"]
[White "Nguyen, Ngoc Truong Son"]
[Black "Gracia Alvarez, Gerardo Antonio"]
[WhiteFideId "12401110"]
[BlackFideId "5109124"]
[WhiteElo "2596"]
[BlackElo "2139"]
[Result "1/2-1/2"]
[Round "01"]
[TimeControl "180+1"]
[Date "2022.02.08"]
[WhiteClock "0:00:48"]
[BlackClock "0:00:31"]

1. d4 Nf6 2. Nf3 g6 3. c4 c5 4. g3 Bg7 5. Bg2 O-O 6. O-O cxd4 7. Nxd4 d5 8. Na3 Nc6 9. Ndb5 Be6 10. Bf4 Rc8 11. Nd4 Nxd4 12. Qxd4 dxc4 13. Qxa7 Nd5 14. Rad1 Bxb2 15. Nc2 Qb6 16. Qxb6 Nxb6 17. Bxb7 Rcd8 18. Be4 Nd5 19. Bh6 Rfe8 20. Rb1 Bg7 21. Bxg7 Kxg7 22. Bxd5 Rxd5 23. Rfd1 Rxd1+ 24. Rxd1 Ra8 25. a3 Bf5 26. Ne3 c3 27. Ra1 c2 28. Rc1 Rxa3 29. Nxf5+ gxf5 30. Rxc2 e6 31. Kg2 Ra4 1/2-1/2


[Site "https://www.chess.com"]

[Event "Early Titled Tuesday Blitz | February 8 2022"]
[White "Niemann, Hans Moke"]
[Black "Dauner, Benedikt"]
[WhiteFideId "2093596"]
[BlackFideId "16225899"]
[WhiteElo "2636"]
[BlackElo "2230"]
[Result "1-0"]
[Round "01"]
[TimeControl "180+1"]
[Date "2022.02.08"]
[WhiteClock "0:01:03"]
[BlackClock "0:00:06"]

1. d4 d5 2. Nc3 Nf6 3. Bf4 a6 4. e3 e6 5. g4 Bb4 6. g5 Ne4 7. Ne2 Nxg5 8. Bg2 Ne4 9. Bxe4 dxe4 10. a3 Bxc3+ 11. Nxc3 f5 12. Be5 O-O 13. Rg1 Rf7 14. d5 Qe7 15. Qd4 c5 16. Qd2 exd5 17. Bf4 Be6 18. Nxd5 Bxd5 19. Qxd5 Nc6 20. O-O-O Rd8 21. Qc4 b5 22. Rxd8+ Nxd8 23. Qd5 Ne6 24. Be5 g6 25. Rd1 Rf8 26. Bd6 Qf7 27. Bxf8 Nxf8 28. Qxc5 Ne6 29. Qc8+ Nf8 30. Kb1 g5 31. Qxa6 f4 32. Qxb5 h6 33. Qd5 Kg7 34. Qxf7+ Kxf7 35. a4 Ne6 36. a5 f3 37. a6 1-0


[Site "https://www.chess.com"]

[Event "Early Titled Tuesday Blitz | February 8 2022"]
[White "Nikologorsky, Matfei"]
[Black "Kosteniuk, Alexandra"]
[WhiteFideId "24102474"]
[BlackFideId "4128125"]
[WhiteElo "2231"]
[BlackElo "2469"]
[Result "0-1"]
[Round "01"]
[TimeControl "180+1"]
[Date "2022.02.08"]
[WhiteClock "0:00:10"]
[BlackClock "0:01:40"]

1. e4 c6 2. d4 d5 3. Nc3 dxe4 4. Nxe4 Nf6 5. Nxf6+ exf6 6. c3 Bd6 7. Bd3 O-O 8. Ne2 Re8 9. O-O Nd7 10. Bf4 Nf8 11. Bxd6 Qxd6 12. Qc2 Ng6 13. Ng3 Be6 14. Rae1 Rad8 15. Ne4 Qf4 16. Nc5 Bc8 17. a4 b6 18. Ne4 f5 19. Ng3 Nh4 20. a5 g6 21. axb6 axb6 22. Ra1 c5 23. dxc5 bxc5 24. Bb5 Rf8 25. Rad1 Bb7 26. f3 Qe3+ 27. Qf2 f4 28. Ne2 Nf5 29. Bc4 Qe5 30. Rxd8 Rxd8 31. Nc1 Ne3 32. Re1 Qf5 33. Bb3 h5 34. g3 c4 35. gxf4 Qxf4 36. Rxe3 cxb3 37. Ne2 Rd1+ 38. Kg2 Qg5+ 39. Ng3 h4 40. Re8+ Kg7 41. Qc5 Qxc5 0-1


[Site "https://www.chess.com"]

[Event "Early Titled Tuesday Blitz | February 8 2022"]
[White "Obolenskikh, Dmitry"]
[Black "Dushyant Sharma"]
[WhiteFideId "4156013"]
[BlackFideId "25065130"]
[WhiteElo "2512"]
[BlackElo "2012"]
[Result "1-0"]
[Round "01"]
[TimeControl "180+1"]
[Date "2022.02.08"]
[WhiteClock "0:02:07"]
[BlackClock "0:00:32"]

1. Nf3 d5 2. e3 e6 3. c4 f5 4. b3 Be7 5. Ba3 Bf6 6. d4 Ne7 7. Nbd2 O-O 8. g3 c6 9. Bg2 b6 10. O-O Ba6 11. Rc1 Nd7 12. Bd6 Re8 13. Re1 Ng6 14. h4 Rc8 15. a4 b5 16. axb5 cxb5 17. c5 Nb8 18. Ra1 Be7 19. Bxb8 1-0


[Site "https://www.chess.com"]

[Event "Early Titled Tuesday Blitz | February 8 2022"]
[White "Odegov, Artem"]
[Black "Lazavik, Denis"]
[WhiteFideId "34183644"]
[BlackFideId "13515110"]
[WhiteElo "2277"]
[BlackElo "2436"]
[Result "0-1"]
[Round "01"]
[TimeControl "180+1"]
[Date "2022.02.08"]
[WhiteClock "0:00:01"]
[BlackClock "0:01:45"]

1. d4 f5 2. h3 Nf6 3. g4 d5 4. Nf3 Nc6 5. c3 fxg4 6. hxg4 Bxg4 7. Ne5 Bf5 8. Bf4 g6 9. Nd2 Bg7 10. e4 Nxe4 11. Bb5 O-O 12. Bxc6 bxc6 13. Ndf3 Bg4 14. Nxg4 Rxf4 15. Nge5 Qf8 16. Rh3 Qf5 17. Rh2 Bxe5 18. Nxe5 Rxf2 19. Qd3 Rxh2 0-1


[Site "https://www.chess.com"]

[Event "Early Titled Tuesday Blitz | February 8 2022"]
[White "Ohanyan, Emin"]
[Black "Kostiukov, Alexandr"]
[WhiteFideId "13312022"]
[BlackFideId "14108100"]
[WhiteElo "1809"]
[BlackElo "2202"]
[Result "1-0"]
[Round "01"]
[TimeControl "180+1"]
[Date "2022.02.08"]
[WhiteClock "0:00:08"]
[BlackClock "0:00:04"]

1. e4 c5 2. Nf3 g6 3. d4 cxd4 4. Nxd4 Nf6 5. Nc3 Bg7 6. e5 Ng8 7. Bf4 Nc6 8. Nxc6 bxc6 9. Bc4 Qa5 10. Qf3 f6 11. exf6 Nxf6 12. O-O d5 13. Bb3 O-O 14. Qe2 Re8 15. Be5 Be6 16. Rfe1 Bf7 17. Rad1 Rad8 18. h4 h5 19. Qd3 Kh7 20. Ne2 Ne4 21. Bxg7 Kxg7 22. Ng3 Nxg3 23. Qxg3 Qc5 24. Re5 Qd6 25. Rde1 Qf6 26. c3 c5 27. Bc2 d4 28. Rxc5 dxc3 29. Qxc3 Qxc3 30. Rxc3 Bxa2 31. b3 Rc8 32. Rxe7+ Rxe7 33. Rxc8 Rb7 34. Rc3 a5 35. f3 Rb4 36. g3 Rb6 37. Kf2 Kf6 38. Ke3 Rd6 39. Rc5 Re6+ 40. Kd2 Rb6 41. Kc3 a4 42. bxa4 Be6 43. a5 Rb7 44. a6 Ra7 45. Bd3 Ke7 46. Rb5 Kd6 47. Rb7 Rxb7 48. axb7 Kc7 49. Bxg6 Kxb7 50. Bxh5 Kc7 51. Bg4 Kd6 52. Bxe6 Kxe6 53. Kd4 1-0


[Site "https://www.chess.com"]

[Event "Early Titled Tuesday Blitz | February 8 2022"]
[White "Omariev, Maksim"]
[Black "Sjugirov, Sanan"]
[WhiteFideId "4193423"]
[BlackFideId "4189302"]
[WhiteElo "2500"]
[BlackElo "2602"]
[Result "1-0"]
[Round "01"]
[TimeControl "180+1"]
[Date "2022.02.08"]
[WhiteClock "0:00:40"]
[BlackClock "0:00:04"]

1. g4 c5 2. Bg2 Nc6 3. c4 d6 4. h3 g6 5. Nc3 Bg7 6. d3 Nf6 7. e4 Rb8 8. Nge2 a6 9. f4 h5 10. g5 Nd7 11. Be3 Nd4 12. Qd2 b5 13. O-O O-O 14. Rab1 Bb7 15. Kh1 e6 16. b3 Qa5 17. Rf2 Rfe8 18. Rbf1 Ba8 19. h4 Qb4 20. Qc1 Qa5 21. Bd2 Nxe2 22. Rxe2 b4 23. Na4 Qc7 24. Qe1 Re7 25. Bc1 Rbe8 26. Bb2 f6 27. Qg3 f5 28. Bxg7 Kxg7 29. Nb2 Rf8 30. Nd1 Qd8 31. Ne3 fxe4 32. dxe4 Ref7 33. Ref2 Kh7 34. f5 exf5 35. exf5 Bxg2+ 36. Qxg2 1-0


[Site "https://www.chess.com"]

[Event "Early Titled Tuesday Blitz | February 8 2022"]
[White "Oro, Luis"]
[Black "Martin Duque, Jesus"]
[WhiteFideId "104094"]
[BlackFideId "2208954"]
[WhiteElo "2250"]
[BlackElo "2243"]
[Result "1-0"]
[Round "01"]
[TimeControl "180+1"]
[Date "2022.02.08"]
[WhiteClock "0:00:11"]
[BlackClock "0:00:09"]

1. e4 c5 2. Nf3 e6 3. d4 cxd4 4. Nxd4 b6 5. c4 Bb7 6. Bd3 a6 7. O-O Nc6 8. Nc2 Qc7 9. Nc3 Nf6 10. b3 Be7 11. Bb2 O-O 12. Re1 Ne5 13. Bf1 d6 14. f3 Rac8 15. Ne3 Qb8 16. Rc1 Qa8 17. Qd2 Kh8 18. Red1 Rg8 19. Ne2 g5 20. h3 h5 21. Bd4 Nfd7 22. Qb2 Kh7 23. Ng3 h4 24. Nh1 Rg6 25. Nf2 Rf8 26. Nd3 Nxd3 27. Bxd3 Ne5 28. Bb1 Bf6 29. Ng4 Nxg4 30. hxg4 Bxd4+ 31. Qxd4 h3 32. Qxd6 hxg2 33. Kxg2 Kg7 34. Rh1 Rd8 35. Qe5+ f6 36. Qc7+ Kf8 37. Rh8+ Rg8 38. Rch1 Rd2+ 39. Kg3 Qd8 40. Rxg8+ Kxg8 41. Qh7+ Kf8 42. Qh8+ Ke7 43. Rh7+ Kd6 44. Qxd8+ Kc5 45. Qxd2 1-0


[Site "https://www.chess.com"]

[Event "Early Titled Tuesday Blitz | February 8 2022"]
[White "Orozbaev, Eldiar"]
[Black "Kujawski, Adam"]
[WhiteFideId "13802240"]
[BlackFideId "1100920"]
[WhiteElo "2050"]
[BlackElo "2053"]
[Result "1-0"]
[Round "01"]
[TimeControl "180+1"]
[Date "2022.02.08"]
[WhiteClock "0:02:02"]
[BlackClock "0:00:08"]

1. e4 e5 2. Nf3 Nc6 3. d4 exd4 4. c3 d3 5. Bxd3 Bc5 6. O-O d6 7. Qc2 Nge7 8. Bg5 h6 9. Bh4 Bg4 10. Nbd2 Qd7 11. b4 Bb6 12. a4 a5 13. b5 Ne5 14. Nxe5 dxe5 15. Nc4 Ng6 16. Bg3 Qe6 17. h3 Bh5 18. Be2 Bxe2 19. Qxe2 O-O-O 20. Rad1 Kb8 21. Nxb6 Qxb6 22. Qc4 Qe6 23. Qc5 b6 24. Qe3 Kc8 25. Kh2 Rxd1 26. Rxd1 Rd8 27. Qe2 Rxd1 28. Qxd1 Qd6 29. Qg4+ Kb7 30. Qf5 Qe6 31. Qxe6 fxe6 32. h4 c6 33. c4 cxb5 34. cxb5 Kc7 35. h5 Nf4 36. Bxf4 exf4 37. Kh3 Kd6 38. Kg4 Kc5 39. Kxf4 Kb4 40. Ke5 Kxa4 41. Kxe6 Kb3 42. Kf7 a4 43. e5 a3 44. e6 a2 45. e7 a1=Q 46. e8=Q Qf6+ 47. Kg8 Qxf2 48. Qf7+ Kb4 49. Qxf2 1-0


[Site "https://www.chess.com"]

[Event "Early Titled Tuesday Blitz | February 8 2022"]
[White "Osmak, Yuliia"]
[Black "Tuleyeva-Aketayeva, Dana"]
[WhiteFideId "14101602"]
[BlackFideId "13701932"]
[WhiteElo "2302"]
[BlackElo "1944"]
[Result "1-0"]
[Round "01"]
[TimeControl "180+1"]
[Date "2022.02.08"]
[WhiteClock "0:00:11"]
[BlackClock "0:00:01"]

1. e4 c5 2. c3 d5 3. exd5 Qxd5 4. d4 cxd4 5. cxd4 Nf6 6. Nc3 Qd8 7. Nf3 g6 8. Bc4 Bg7 9. O-O O-O 10. Ne5 Nc6 11. Nxc6 bxc6 12. Re1 Nd5 13. Qb3 Be6 14. Be3 a5 15. Na4 Rb8 16. Qd3 Nb4 17. Qc3 Nd5 18. Qd3 Nb4 19. Qe2 Bxc4 20. Qxc4 Qd5 21. Rec1 Rfc8 22. b3 Qxc4 23. Rxc4 Nd5 24. Rac1 Nxe3 25. fxe3 e5 26. dxe5 Bxe5 27. Rxc6 Rxc6 28. Rxc6 Re8 29. g3 Bg7 30. Kf2 Bh6 31. Rc3 Re5 32. Kf3 f5 33. Nb6 Rb5 34. Nc4 Rd5 35. Rc2 Bf8 36. Rd2 Rb5 37. Rd8 Kf7 38. Ra8 Bb4 39. Ra7+ Kg8 40. h4 h6 41. h5 g5 42. Ra6 g4+ 43. Ke2 Rd5 44. Rxh6 1-0


[Site "https://www.chess.com"]

[Event "Early Titled Tuesday Blitz | February 8 2022"]
[White "Osmonbekov, Talaibek"]
[Black "Vaishali, Rameshbabu"]
[WhiteFideId "2017253"]
[BlackFideId "5091756"]
[WhiteElo "2135"]
[BlackElo "2343"]
[Result "0-1"]
[Round "01"]
[TimeControl "180+1"]
[Date "2022.02.08"]
[WhiteClock "0:00:19"]
[BlackClock "0:01:00"]

1. d4 Nf6 2. Nc3 d5 3. Bf4 g6 4. e3 Bg7 5. h4 O-O 6. h5 c5 7. Qd2 Nxh5 8. Be5 Nf6 9. Nf3 Nc6 10. O-O-O Bf5 11. Kb1 Nb4 12. Bd3 Nxd3 13. cxd3 Rc8 14. Ka1 c4 15. e4 Bg4 16. Bxf6 exf6 17. Nxd5 f5 18. Rc1 Re8 19. Ng5 h6 20. f3 Qxg5 21. Qxg5 hxg5 22. fxg4 fxe4 23. dxc4 Bxd4 24. Kb1 e3 25. Rhe1 Kg7 26. Re2 Re4 27. b3 Rxg4 28. Nxe3 Re4 29. Rce1 Rce8 30. Nc2 Rxe2 31. Rxe2 Rxe2 32. Nxd4 Rxg2 33. b4 Rg4 34. Nb5 Rxc4 35. a3 g4 36. Nxa7 g3 37. Nb5 g2 38. Nd6 g1=Q+ 0-1


[Site "https://www.chess.com"]

[Event "Early Titled Tuesday Blitz | February 8 2022"]
[White "Ozates, Tuna"]
[Black "Garcia Martin, Marta"]
[WhiteFideId "6354521"]
[BlackFideId "32084030"]
[WhiteElo "1872"]
[BlackElo "2102"]
[Result "0-1"]
[Round "01"]
[TimeControl "180+1"]
[Date "2022.02.08"]
[WhiteClock "0:00:30"]
[BlackClock "0:00:15"]

1. e4 b6 2. d4 Bb7 3. Bd3 e6 4. Nf3 c5 5. c3 Nf6 6. Qe2 d5 7. e5 Nfd7 8. h4 Qc8 9. O-O Ba6 10. Nbd2 Bxd3 11. Qxd3 Qa6 12. Qe3 Nc6 13. h5 h6 14. a3 Rc8 15. Ne1 cxd4 16. cxd4 Be7 17. Nb3 Qa4 18. Bd2 O-O 19. f4 f6 20. Nf3 fxe5 21. Nxe5 Ndxe5 22. dxe5 Na5 23. Bxa5 bxa5 24. Rac1 Rc4 25. g3 Rfc8 26. Kh1 Rxc1 27. Rxc1 Rxc1+ 28. Nxc1 Qd1+ 29. Kg2 Qc2+ 30. Kf3 Qxb2 31. a4 Qc2 32. Nd3 Qxa4 33. Qxa7 Qe4+ 34. Kf2 Kf7 35. Ne1 d4 36. Qxa5 Qe3+ 37. Kf1 d3 38. Qc3 Qe2+ 39. Kg1 d2 0-1


[Site "https://www.chess.com"]